 Dungeon Crawl Stone Soup version 0.28-a0-595-g9f6c0e134a (webtiles) character file.

Game seed: 635273373837569964

796 AttackTheMoon the Skirmisher (level 7, 0/87 HPs)
             Began as a Barachi Fighter on Oct 4, 2021.
             Slain by a gnoll shaman (5 damage)
             ... on level 5 of the Dungeon.
             The game lasted 00:05:32 (4828 turns).

AttackTheMoon the Skirmisher (Barachi Fighter)      Turns: 4828, Time: 00:05:32

Health: 0/87       AC: 23    Str: 19    XL:     7   Next: 89%
Magic:  7/7        EV:  2    Int:  8    God:
Gold:   145        SH:  5    Dex: 12    Spells: 6/6 levels left

rFire   . . .      SeeInvis .   a - +0 long sword
rCold   . . .      Faith    .   c - +0 buckler
rNeg    . . .      Spirit   .   (armour currently unavailable)
rPois   +          Reflect  .   (helmet currently unavailable)
rElec   .          Harm     .   (cloak currently unavailable)
rCorr   .          Rampage  .   (gloves currently unavailable)
Will    ++...      NoTele   +   (boots currently unavailable)
Stlth   +.........              (no amulet)
HPRegen 0.24/turn               g - ring of willpower
MPRegen 0.10/turn               m - ring of willpower

@: tree-form (expiring)
A: stationary, stasis, torment immunity, boosted hp, (amphibious), (slowness 1),
(strong legs 1), +LOS, (deformed body), mutation resistance 1
a: no special abilities


You were on level 5 of the Dungeon.
You were a tree.
You visited 1 branch of the dungeon, and saw 5 of its levels.

You collected 145 gold pieces.

Inventory:

Hand Weapons
 a - a +0 long sword (weapon)
Missiles
 d - a throwing net
Armour
 b - a +0 scale mail (melded)
 c - a +0 buckler (worn)
 e - a +2 helmet (melded)
Jewellery
 g - a ring of willpower (left branch)
 h - a ring of protection from cold
 k - a ring of see invisible
 m - a ring of willpower (right branch)
Wands
 l - a wand of polymorph (5)
Potions
 f - a potion of brilliance
 i - a potion of attraction


   Skills:
 + Level 6.2 Fighting
 + Level 5.6 Long Blades
 + Level 6.2 Armour
 + Level 5.7 Shields


You had 6 spell levels left.
You didn't know any spells.
Your spell library contained the following spells:

 Spells                   Type           Power      Damage    Failure   Level
 Slow                     Hex            0%         N/A       54%         2
 Confusing Touch          Hex            0%         N/A       78%         3
 Gell's Gravitas          Tloc           0%         N/A       78%         3
 Lesser Beckoning         Tloc           0%         N/A       78%         3
 Teleport Other           Tloc           0%         N/A       78%         3
 Vampiric Draining        Necr           0%         2d6       78%         3


Dungeon Overview and Level Annotations

Branches:
Dungeon (5/15)
 Temple: D:4-7

Altars:

Shops:
D:3 =

Annotations:
D:4 Edmund


Innate Abilities, Weirdness & Mutations

You are a tree.
Your roots penetrate the ground, keeping you stationary.
You cannot be teleported.
You are immune to unholy pain and torment.
Your maximum health is greatly increased.
Your equipment is partially melded.
((You are amphibious.))
((You cover ground slowly.))
((You can hop short distances.))
You have an extended range of vision and can be seen from far away.
((Armour fits poorly on your strangely shaped body.))
You are somewhat resistant to further mutation.


Message History

The gnoll hits you with a +2 flail of holy wrath!
You block the gnoll's attack.
The gnoll hits you but does no damage. x2
The gnoll shaman hits you with a +0 whip.
* * * LOW HITPOINT WARNING * * *
You slash the gnoll!
You kill the gnoll!
The gnoll hits you but does no damage. x2; The gnoll barely misses you.
The gnoll hits you with a +2 flail of holy wrath.
* * * LOW HITPOINT WARNING * * *
The gnoll shaman hits you but does no damage.
You block the gnoll's attack.
It was a potion of curing.
You feel better.
The gnoll hits you with a +2 flail of holy wrath.
* * * LOW HITPOINT WARNING * * *
The gnoll hits you but does no damage. You block the gnoll's attack.
The gnoll hits you but does no damage. You block the gnoll shaman's attack.
You block the gnoll's attack.
Okay, then.
You hit the gnoll but do no damage. The gnoll hits you with a +0 flail.
* * * LOW HITPOINT WARNING * * *
The gnoll hits you but does no damage. x3
The gnoll shaman hits you but does no damage.
The gnoll hits you but does no damage.
The gnoll hits you with a +2 flail of holy wrath.
* * * LOW HITPOINT WARNING * * *
You hit the gnoll but do no damage. The gnoll hits you with a +0 flail.
* * * LOW HITPOINT WARNING * * *
The gnoll barely misses you.
The gnoll hits you with a +0 short sword.
* * * LOW HITPOINT WARNING * * *
The gnoll shaman hits you but does no damage.
The gnoll hits you with a +2 flail of holy wrath.
* * * LOW HITPOINT WARNING * * *
The gnoll hits you but does no damage. You block the gnoll's attack.
You slash the gnoll!
The gnoll is severely wounded.
Your transformation is almost over.
The gnoll hits you but does no damage. x2; The gnoll barely misses you.
The gnoll shaman hits you with a +0 whip.
You die...

.# ...) ## ..... # ##
..... ##. #### ...... #..
... ..##... ...... ..#
...# .....#....... ....
... ####....#....... ....
#.##....##gg.#.....
.....##.........♣g...#
.........#......gg....#
.... #...............#
.... ##..............#
....#####................
.........................
.....####...>............
.....####................
.......)..#..........#...


You could see a gnoll shaman and 4 gnolls.

Vanquished Creatures
  A black bear (D:4)
  A centaur (D:5)
  A phantom (D:5)
  A scorpion (D:5)
  2 jellies
  2 orc priests
  A hound (D:4)
  A bullfrog skeleton (D:5)
  Ijyb (D:4)
  An iguana (D:5)
  A hound skeleton (D:4)
  Robin (D:3)
  9 gnolls
  A howler monkey skeleton (D:5)
  3 adders
  A worm (D:2)
  3 dart slugs
  13 orcs
  4 bats (D:1)
  4 endoplasms
  3 giant cockroaches
  7 hobgoblins
  8 jackals
  3 quokkas
  6 ball pythons
  2 frilled lizards
  17 goblins
  5 kobolds
  A rat (D:2)
104 creatures vanquished.

Notes
Turn   | Place    | Note
-------+----------+-------------------------------------------
     0 | D:1      | AttackTheMoon the Barachi Fighter began the quest for the
                  | Orb.
     0 | D:1      | Reached XP level 1. HP: 18/18 MP: 1/1
   105 | D:1      | Reached XP level 2. HP: 24/25 MP: 2/2
   705 | D:1      | Reached XP level 3. HP: 28/30 MP: 3/3
  1324 | D:2      | Reached XP level 4. HP: 34/37 MP: 4/4
  1917 | D:3      | Reached XP level 5. HP: 7/43 MP: 5/5
  2320 | D:3      | Noticed Robin
  2437 | D:3      | Killed Robin
  2817 | D:3      | Reached skill level 5 in Fighting
  2817 | D:3      | Reached skill level 5 in Armour
  2817 | D:3      | Reached XP level 6. HP: 48/51 MP: 6/6
  3109 | D:3      | Found Begyk's Jewellery Shop.
  3217 | D:3      | Found a faded altar of an unknown god.
  3282 | D:4      | Noticed Ijyb
  3289 | D:4      | Killed Ijyb
  3466 | D:4      | Noticed a black bear
  3478 | D:4      | Killed a black bear
  3479 | D:4      | Reached skill level 5 in Shields
  3695 | D:4      | Gained mutation: Armour fits poorly on your strangely
                  | shaped body. [potion of mutation]
  3695 | D:4      | Gained mutation: You are somewhat resistant to further
                  | mutation. [potion of mutation]
  3707 | D:4      | Reached XP level 7. HP: 32/53 MP: 7/7
  3930 | D:4      | Noticed Edmund
  3959 | D:4      | You fall into a shaft and drop 1 floor!
  3959 | D:5      | Entered Level 5 of the Dungeon
  3965 | D:5      | Reached skill level 5 in Long Blades
  4827 | D:5      | HP: 4/87 [gnoll (5)]
  4828 | D:5      | Slain by a gnoll shaman

Illustrated notes

Levels and vault maps discovered:
D:1:      eino_arrival_water_star, layout_basic, serial_forest,
          infiniplex_forest_lined_2, infiniplex_forest_fountain,
          infiniplex_forest_clump_diagonal, infiniplex_forest_zigzag_1
D:2:      layout_rooms
D:3:      layout_rooms, dreamdust_ecumenical_altar_hidden_monk_grotto,
          serial_shops, shop, uniq_robin
D:4:      layout_basic, amethyst_killhole, serial_park_tiny_2, uniq_ijyb,
          uniq_edmund
D:5:      layout_rooms, marbit_many_paths

Skill      XL: |  1  2  3  4  5  6  7 |
---------------+----------------------+-----
Armour         | 4 5 6 |  6.2
Fighting       | 4 5 6 |  6.2
Long Blades    | 3 4 5 |  5.6
Shields        | 4 5 |  5.7

Action                   |  1- 3 |  4- 6 |  7- 9 || total
-------------------------+-------+-------+-------++-------
Melee: Long sword        |   128 |   192 |    93 ||   413
 Abil: Hop               |       |     1 |     1 ||     2
  Use: Scroll            |     1 |     5 |     3 ||     9
       Potion            |       |     5 |     3 ||     8
Armor: Scale mail        |    80 |   112 |    44 ||   236
       Skin              |       |       |    41 ||    41
Dodge: Dodged            |    73 |   106 |    41 ||   220
Block: Buckler           |    32 |    56 |    32 ||   120

Table legend: (Time is in decaauts)
 A = Elapsed time spent in this place.
 B = Non-inter-level travel time spent in this place.
 C = Inter-level travel time spent in this place.
 D = Time resting spent in this place.
 E = Time spent auto-exploring this place.
 F = Levels seen in this place.
 G = Mean time per level.
                   A        B        C        D        E       F      G
               +--------+--------+--------+--------+--------+-----+--------+
         Total |   5239 |   5187 |     52 |   2089 |   2101 |   5 | 1047.8 |
       Dungeon |   5239 |   5187 |     52 |   2089 |   2101 |   5 | 1047.8 |
               +--------+--------+--------+--------+--------+-----+--------+

Top non-repeatable levels by time:
     D:2: 1681 daAuts
     D:4: 1018 daAuts
     D:1: 991 daAuts
     D:3: 889 daAuts
     D:5: 658 daAuts
